 Dungeon Crawl Stone Soup version 0.29-a0-284-gf9362112df (webtiles) character file.

Game seed: 4256068347201660372

123 timneilson the Covered (level 5, -1/33 HPs)
             Began as a Gargoyle Fighter on Mar 27, 2022.
             Slain by an orc wizard
             ... wielding the +2 flail of Butchery {flame, Drain Dex+5}
              (6 damage)
             ... on level 3 of the Dungeon.
             The game lasted 00:02:58 (2000 turns).

timneilson the Covered (Gargoyle Fighter)           Turns: 2000, Time: 00:02:58

Health: -1/33      AC: 11    Str: 22    XL:     5   Next: 7%
Magic:  5/5        EV: 13    Int:  8    God:
Gold:   117        SH:  0    Dex:  9    Spells: 4/4 levels left

rFire   . . .      SeeInvis .   a - +1 long sword
rCold   . . .      Faith    .   c - +0 buckler
rNeg    + . .      Spirit   .   b - +0 scale mail
rPois   ∞          Reflect  .   (no helmet)
rElec   +          Harm     .   (no cloak)
rCorr   .          Rampage  .   (no gloves)
Will    .....                   (no boots)
Stlth   ..........              (no amulet)
HPRegen 0.11/turn               l - +4 ring of evasion
MPRegen 0.09/turn               (no ring)

@: confused
A: sickness immunity, AC +4, negative energy resistance 1, electricity
resistance, torment resistance 1, petrification resistance
a: no special abilities


You were on level 3 of the Dungeon.
You visited 1 branch of the dungeon, and saw 3 of its levels.

You collected 117 gold pieces.

Inventory:

Hand Weapons
 a - a +1 long sword (weapon)
Armour
 b - a +0 scale mail (worn)
 c - a +0 buckler (worn)
Jewellery
 l - a +4 ring of evasion (left hand)
Scrolls
 j - a scroll of magic mapping
Potions
 d - a potion of might
 e - a potion of lignification {unknown}
 f - a potion of flight {unknown}
 g - 2 potions of haste {unknown}
 h - 2 potions of curing
 m - a potion of mutation {unknown}


   Skills:
 + Level 3.8 Fighting
 * Level 2.7 Long Blades
 * Level 4.2 Armour
 + Level 0.9 Dodging
 * Level 4.1 Shields


You had 4 spell levels left.
You didn't know any spells.
Your spell library contained the following spells:

 Spells                   Type           Power      Damage    Failure   Level
 Freeze                   Ice            0%         1d3       82%         1
 Sandblast                Erth           0%         2d4       82%         1
 Passwall                 Tmut/Erth      0%         N/A       91%         2
 Frozen Ramparts          Ice            0%         1d2       99%         3
 Stone Arrow              Conj/Erth      0%         3d7       99%         3
 Hailstorm                Conj/Ice       0%         3d3       100%        4


Dungeon Overview and Level Annotations

Branches:
Dungeon (3/15)

Altars:


Innate Abilities, Weirdness & Mutations

You are immune to sickness and miasma.
Your stone body is resilient. (AC +4)
You are immune to poison.
You resist negative energy. (rN+)
You are resistant to electric shocks. (rElec)
You are resistant to unholy torment.
You are immune to petrification.


Message History

No target in view!
No target in view!
No target in view!
No target in view!
You see here a bat corpse.
You see here a +0 dagger.
An orc comes into view. It is wielding a +0 club.
An orc wizard comes into view.
It is wielding the +2 flail of Butchery {flame, Drain Dex+5}.
The orc wizard shouts!
The orc wizard mumbles some strange words.
The orc wizard flickers and vanishes!
Deactivating autopickup; reactivate with Ctrl-A.
You closely miss the orc. The orc barely misses you.
You hit the orc.
The orc is heavily wounded.
You block the orc's attack.
You hit the orc.
You kill the orc!
There is an open door, spattered with blood here.
Items here: )) [ †††.
You miss something. Something hits you but does no damage.
You hit something but do no damage. Something hits you but does no damage.
You barely miss something. Something hits you! Something burns you.
Something hits you but does no damage.
You hit something but do no damage.
You hear some strange, mumbled words.
A magic dart appears from out of thin air!
The magic dart hits you.
You miss something.
You hear some strange, mumbled words.
You are confused.
You closely miss something. Something barely misses you.
You hear some strange, mumbled words.
A puff of flame appears from out of thin air!
The puff of flame hits you!
* * * LOW HITPOINT WARNING * * *
You bump into the stone wall.
A frilled lizard comes into view.
Something hits you.
You die...

#........#..................
'..........................#
#...l...##.##.#.#.#.#####)..
#.......##..................
#.......####........##......
#......)####.#####.......##.
#............#8.8#.......##.
###.......8###...###8.......
....#......@{.._...'.......#
....#.....8###...###8.......
... #........#8.8#.........#
.. ######...#####.#.#.###.#
#)............# #.#
#.......#...... ###
#..<....###..... #.......
....... ....


You could see a frilled lizard (wandering).

Vanquished Creatures
  Terence (D:2)
  2 adders
  2 worms (D:2)
  4 dart slugs
  2 orcs (D:3)
  3 endoplasms (D:1)
  3 giant cockroaches
  5 goblins
  A hobgoblin (D:1)
  4 jackals (D:2)
  5 quokkas
  8 ball pythons
  9 bats
  A frilled lizard (D:1)
  7 kobolds
  6 rats
63 creatures vanquished.

Vanquished Creatures (others)
  7 plants (D:2)
7 creatures vanquished.

Grand Total: 70 creatures vanquished

Notes
Turn   | Place    | Note
-------+----------+-------------------------------------------
     0 | D:1      | timneilson the Gargoyle Fighter began the quest for the
                  | Orb.
     0 | D:1      | Reached XP level 1. HP: 14/14 MP: 1/1
    67 | D:1      | Reached XP level 2. HP: 18/19 MP: 2/2
   465 | D:1      | Reached XP level 3. HP: 23/23 MP: 3/3
   702 | D:2      | Noticed Terence
   729 | D:2      | Killed Terence
   730 | D:2      | Reached XP level 4. HP: 8/28 MP: 4/4
  1889 | D:3      | Found a faded altar of an unknown god.
  1911 | D:3      | Reached XP level 5. HP: 29/33 MP: 5/5
  1989 | D:3      | Identified the +2 flail of Butchery {flame, Drain Dex+5}
  2000 | D:3      | Slain by an orc wizard

Illustrated notes

Levels and vault maps discovered:
D:1:      dpeg_arrival_rooms_b, layout_rooms
D:2:      layout_basic, serial_forest, infiniplex_forest_zigzag_2,
          infiniplex_forest_clump_curved, infiniplex_forest_lined_2,
          infiniplex_forest_straight_4, infiniplex_forest_corner_2,
          infiniplex_forest_end_1, infiniplex_forest_straight_5,
          kennysheep_path_1, st_stairs_3, serial_bayou_lake_a, uniq_terence
D:3:      layout_basic, zin_statuary, gammafunk_temple_overflow_wave,
          mainiacjoe_overflow_catwalk,
          dreamdust_ecumenical_altar_angels_and_demons, minmay_misc_feat_rugged

Skill      XL: |  1  2  3  4 |
---------------+-------------+-----
Long Blades    | 2 |  2.7
Armour         | 4 |  4.2
Shields        | 4 |  4.1
Fighting       | |  3.8
Dodging        | |  0.9

Action                   |  1- 3 |  4- 6 || total
-------------------------+-------+-------++-------
Melee: Long sword        |   118 |   159 ||   277
  Use: Scroll            |     4 |     1 ||     5
Armor: Scale mail        |    45 |    72 ||   117
Dodge: Dodged            |    68 |   114 ||   182
Block: Buckler           |    27 |    37 ||    64

Table legend: (Time is in decaauts)
 A = Elapsed time spent in this place.
 B = Non-inter-level travel time spent in this place.
 C = Inter-level travel time spent in this place.
 D = Time resting spent in this place.
 E = Time spent auto-exploring this place.
 F = Levels seen in this place.
 G = Mean time per level.
                   A        B        C        D        E       F      G
               +--------+--------+--------+--------+--------+-----+--------+
         Total |   2114 |   2066 |     48 |      0 |   1463 |   3 |  704.7 |
       Dungeon |   2114 |   2066 |     48 |      0 |   1463 |   3 |  704.7 |
               +--------+--------+--------+--------+--------+-----+--------+

Top non-repeatable levels by time:
     D:2: 1308 daAuts
     D:1: 598 daAuts
     D:3: 206 daAuts
